 Dungeon Crawl Stone Soup version 0.32-a0-933-ga8fa3634e4 (webtiles) character file.

Game seed: 536475584660008388

19 Autsider the Caller (level 2, -18/19 HPs)
             Began as a Merfolk Summoner on Apr 14, 2024.
             Demolished by a kobold
             ... wielding a +0 whip of electrocution
              (19 damage)
             ... on level 1 of the Dungeon.
             The game lasted 00:01:31 (919 turns).

Autsider the Caller (Merfolk Summoner)               Turns: 919, Time: 00:01:31

Health: -18/19     AC:  2    Str:  8    XL:     2   Next: 75%
Magic:  5/5        EV: 11    Int: 14    God:
Gold:   42         SH:  0    Dex: 14    Spells: 5/6 levels left

rFire   . . .        c - +0 falchion
rCold   . . .        (no shield)
rNeg    . . .        a - +0 robe
rPois   .            (no helmet)
rElec   .            (no cloak)
rCorr   .            (no gloves)
SInv    .            (no boots)
Will    .....        (no amulet)
Stlth   ++           (no ring)
HPRegen 0.23/turn    (no ring)
MPRegen 0.09/turn

%: no passive effects
@: no status effects
A: (nimble swimmer 2), mertail
a: no special abilities


You were on level 1 of the Dungeon.
You visited 1 branch of the dungeon, and saw 1 of its levels.

You collected 42 gold pieces.

Inventory:

Hand Weapons
 c - a +0 falchion (weapon)
Armour
 a - a +0 robe (worn)
Scrolls
 d - a scroll of identify {unknown}
Potions
 b - 2 potions of magic
 e - a potion of curing {unknown}


   Skills:
 - Level 2.6 Dodging
 - Level 2.1 Stealth
 + Level 2.5 Spellcasting
 + Level 4.4 Summonings


You had 5 spell levels left.
You knew the following spells:

 Your Spells              Type           Power      Damage    Failure   Level
a - Summon Small Mammal   Summ           56%        N/A       3%          1

Your spell library contained the following spells:

 Spells                   Type           Power      Damage    Failure   Level
 Call Imp                 Summ           28%        N/A       5%          2
 Call Canine Familiar     Summ           14%        N/A       11%         3
 Summon Blazeheart Golem  Fire/Summ      7%         N/A       65%         4
 Summon Lightning Spire   Summ/Air       7%         N/A       65%         4


Dungeon Overview and Level Annotations

Branches:
Dungeon (1/15)

Altars:


Innate Abilities, Weirdness & Mutations

((You are very nimble when in or above water. (Stealth+, EV+, Speed+++)))
Your lower body shifts to a powerful aquatic tail in water.


Message History

You closely miss the ball python.
The ball python is severely wounded.
Your bat barely misses the ball python.
Your quokka bites the ball python.
The ball python dies!
No target in view!
Your quokka disappears in a puff of smoke!
You open the door.
Your bat disappears in a puff of smoke!
There is an open door here.
Found a dagger.
A hobgoblin comes into view.
You see here a +0 dagger.
The helpless hobgoblin fails to defend itself.
You hit the hobgoblin but do no damage. The hobgoblin completely misses you.
You hit the hobgoblin.
The hobgoblin is severely wounded.
The hobgoblin hits you. x2
You closely miss the hobgoblin.
The hobgoblin is severely wounded.
The hobgoblin closely misses you.
You hit the hobgoblin.
You kill the hobgoblin!
No target in view!
Found 2 stones.
A kobold comes into view.
It is wielding a +0 whip of electrocution.
The kobold shouts!
You hit the kobold but do no damage. The kobold barely misses you.
You barely miss the kobold. The kobold closely misses you.
The kobold hits you with a +0 whip of electrocution.
You are electrocuted!
Ouch! That really hurt!
* * * LOW HITPOINT WARNING * * *
The kobold attacks as it pursues you!
The kobold hits you with a +0 whip of electrocution.
* * * LOW HITPOINT WARNING * * *
The kobold hits you with a +0 whip of electrocution.
* * * LOW HITPOINT WARNING * * *
You are electrocuted!!
Ouch! That really hurt!
You die...

#.#......
#.##+#### #.##.#
#.##.# #.##.##
#..)..### #######
####..##. #.K...#
#..##.
#@###.#######..##.
#.# ..........##.
#.# #########.##.
##.#### #.# #.##.
#.....#
#.#####.##.
#####.#
#...(...... #.#
#.....#.... #.#
#.###.##### #.#
#.# #.#


You could see a kobold.

Vanquished Creatures
  A giant cockroach (D:1)
  3 hobgoblins (D:1)
  A kobold (D:1)
  2 ball pythons (D:1)
  A bat (D:1)
  A frilled lizard (D:1)
9 creatures vanquished.

Vanquished Creatures (collateral kills)
  2 endoplasms (D:1)
  A hobgoblin (D:1)
  A quokka (D:1)
  2 ball pythons (D:1)
  A kobold (D:1)
  2 rats (D:1)
9 creatures vanquished.

Grand Total: 18 creatures vanquished

Notes
Turn   | Place    | Note
-------+----------+-------------------------------------------
     0 | D:1      | Autsider the Merfolk Summoner began the quest for the Orb.
     0 | D:1      | Reached XP level 1. HP: 13/13 MP: 3/3
   287 | D:1      | Reached XP level 2. HP: 9/19 MP: 1/5
   919 | D:1      | Demolished by a kobold

Illustrated notes

Levels and vault maps discovered:
D:1:      doesnt_arrival_eight_statues, layout_basic, minmay_close_crescents

Action                     || total
---------------------------++-------
  Melee: Unarmed           ||     9
         Falchion          ||    29
   Cast: Summon Small Mamm ||    10
   Stab: Sleeping          ||     3
         Distracted        ||     1
 Armour: Robe              ||    47
  Dodge: Dodged            ||    30

Table legend: (Time is in decaauts)
 A = Elapsed time spent in this place.
 B = Non-inter-level travel time spent in this place.
 C = Inter-level travel time spent in this place.
 D = Time resting spent in this place.
 E = Time spent auto-exploring this place.
 F = Levels seen in this place.
 G = Mean time per level.
                   A        B        C        D        E       F      G
               +--------+--------+--------+--------+--------+-----+--------+
         Total |    927 |    927 |      0 |     40 |    730 |   1 |  927.0 |
       Dungeon |    927 |    927 |      0 |     40 |    730 |   1 |  927.0 |
               +--------+--------+--------+--------+--------+-----+--------+

Top non-repeatable levels by time:
     D:1: 927 daAuts
